 Dungeon Crawl Stone Soup version 0.26-a0-708-g17f3b190f9 (webtiles) character file.

Game seed: 11398522103917217407

184 tzalcoatl the Poker (level 5, -2/41 HPs)
             Began as a Merfolk Gladiator on Oct 29, 2020.
             Slain by an iguana (11 damage)
             ... on level 3 of the Dungeon.
             The game lasted 00:13:16 (3084 turns).

tzalcoatl the Poker (Merfolk Gladiator)             Turns: 3084, Time: 00:13:16

Health: -2/41      AC:  4    Str: 14      XL:     5   Next: 63%
Magic:  5/5        EV: 13    Int:  6 (7)  God:
Gold:   205        SH:  3    Dex: 14 (17) Spells: 4/4 levels left

rFire    . . .     SeeInvis .   a - +0 trident
rCold    + . .     Faith    .   i - +0 buckler
rNeg     . . .     Spirit   .   b - +0 leather armour
rPois    .         Reflect  .   n - +0 helmet
rElec    .         Harm     .   (no cloak)
rCorr    .         Rampage  .   (no gloves)
MR       +....                  (no boots)
Stlth    ++........             (no amulet)
HPRegen  0.13/turn              s - ring of protection from magic
MPRegen  0.09/turn              k - ring of protection from cold

@: no status effects
A: change form in water, swift swim, stealthy swim
a: no special abilities


You were on level 3 of the Dungeon.
You visited 1 branch of the dungeon, and saw 4 of its levels.

You collected 205 gold pieces.

Inventory:

Hand Weapons
 a - a +0 trident (weapon)
 l - a +0 dagger
Missiles
 d - a throwing net (quivered)
 q - 20 poisoned darts
Armour
 b - a +0 leather armour (worn)
 i - a +0 buckler (worn)
 n - a +0 helmet (worn)
Jewellery
 h - an uncursed ring of resist corrosion
 k - a ring of protection from cold (right hand)
 s - a ring of protection from magic (left hand)
Wands
 p - a wand of iceblast (10)
Scrolls
 e - 3 scrolls of teleportation
 g - a scroll of identify
 j - 4 scrolls of remove curse
 m - a scroll of enchant armour {unknown}
 o - a scroll of immolation
 t - a scroll of blinking
 u - a scroll of amnesia {unknown}
Potions
 c - a potion of magic
 f - 2 potions of curing
 r - a potion of brilliance


   Skills:
 * Level 3.4 Fighting
 + Level 5.6 Polearms
 - Level 3.0 Throwing
 + Level 5.1 Dodging
 + Level 2.3 Stealth
 * Level 0.1 Shields


You had 4 spell levels left.
You didn't know any spells.
Your spell library was empty.

Dungeon Overview and Level Annotations

Branches:
Dungeon (4/15)
 Temple: D:4-7

Altars:
Makhleb
Vehumet

Annotations:
D:4 Grinder


Message History

The iguana is lightly wounded.
The iguana bites you.
You closely miss the iguana.
The iguana is lightly wounded.
The iguana completely misses you.
You hit the iguana.
The iguana is moderately wounded.
The iguana misses you.
You hit the iguana.
The iguana is severely wounded.
The iguana bites you!
* * * LOW HITPOINT WARNING * * *
The iguana bites you but does no damage.
You hit the iguana.
The iguana is severely wounded.
The iguana misses you.
You hit the iguana but do no damage.
The iguana is severely wounded.
The iguana bites you!
You die...

##.###.###.#####
##.##..# #.....#
##.##..###.###.####.##
...##.#..)####........
.####.##)## #.......#.
†...#..<.# #.#######
.##.####.# #.# .##.#
#.# #.###### .##)#
#.####...@..# .##.#
#.......l....#
.##.####.#########..#
.........# ..#
.##.####.# .# .##.#
#.# .# .##.# #.# .
.##.# #.# # ## .##.#
#.####.#


You could see an iguana.

Vanquished Creatures
  2 orc priests (D:3)
  6 adders
  2 worms
  3 dart slugs
  A leopard gecko (D:3)
  9 orcs (D:3)
  2 bats
  3 giant cockroaches
  A goblin (D:3)
  6 hobgoblins
  6 kobolds
  4 quokkas
  3 frilled lizards
  A jackal skeleton (D:4)
  2 rats
51 creatures vanquished.

Notes
Turn   | Place    | Note
-------+----------+-------------------------------------------
     0 | D:1      | tzalcoatl the Merfolk Gladiator began the quest for the
                  | Orb.
     0 | D:1      | Reached XP level 1. HP: 16/16 MP: 1/1
   266 | D:1      | Reached XP level 2. HP: 23/23 MP: 2/2
   842 | D:2      | Reached XP level 3. HP: 15/28 MP: 3/3
  1161 | D:2      | Found a burning altar of Makhleb.
  1161 | D:2      | Noticed a green death
  1164 | D:2      | Noticed a ynoxinul
  1164 | D:2      | Noticed a smoke demon
  1350 | D:2      | Found a radiant altar of Vehumet.
  1562 | D:3      | Reached skill level 1 in Stealth
  1696 | D:3      | Reached skill level 5 in Polearms
  1696 | D:3      | Reached XP level 4. HP: 8/34 MP: 4/4
  2016 | D:3      | Reached XP level 5. HP: 17/41 MP: 5/5
  2077 | D:3      | Reached skill level 5 in Dodging
  2790 | D:3      | You fall into a shaft and drop 1 floor!
  2967 | D:4      | Noticed Grinder
  2981 | D:4      | Paralysed by Grinder for 3 turns
  3084 | D:3      | Slain by an iguana

Illustrated notes

Levels and vault maps discovered:
D:1:      dpeg_arrival_pits, layout_basic
D:2:      layout_basic, marbit_many_paths, makhleb_altar_promises_db
D:3:      layout_loops_ring, tgw_sif
D:4:      layout_loops_ring, grunt_temple_overflow_opulence,
          kennysheep_slug_shrine, uniq_grinder

Skill      XL: |  1  2  3  4  5 |
---------------+----------------+-----
Stealth        | 1 2 |  2.3
Polearms       | 5 |  5.6
Throwing       | 3 |  3.0
Fighting       | 3 |  3.4
Dodging        | 5 |  5.1
Shields        | |  0.1

Action                   |  1- 3 |  4- 6 || total
-------------------------+-------+-------++-------
Melee: Trident           |   117 |    97 ||   214
Throw: Dart              |       |     5 ||     5
       Throwing net      |       |     2 ||     2
  Use: Potion            |     1 |     5 ||     6
       Scroll            |       |     7 ||     7
 Stab: Sleeping          |     6 |     4 ||    10
       Distracted        |     1 |       ||     1
       Held in net/web   |       |     2 ||     2
       Invisible         |       |     1 ||     1
Armor: Leather armour    |    23 |    12 ||    35
       Skin              |     6 |       ||     6
Dodge: Dodged            |    59 |    55 ||   114
Block: Buckler           |       |     2 ||     2

Table legend: (Time is in decaauts)
 A = Elapsed time spent in this place.
 B = Non-inter-level travel time spent in this place.
 C = Inter-level travel time spent in this place.
 D = Time resting spent in this place.
 E = Time spent auto-exploring this place.
 F = Levels seen in this place.
 G = Mean time per level.
                   A        B        C        D        E       F      G
               +--------+--------+--------+--------+--------+-----+--------+
         Total |   3093 |   3068 |     25 |    823 |   1586 |   4 |  773.2 |
       Dungeon |   3093 |   3068 |     25 |    823 |   1586 |   4 |  773.2 |
               +--------+--------+--------+--------+--------+-----+--------+

Top non-repeatable levels by time:
     D:3: 1201 daAuts
     D:2: 1088 daAuts
     D:1: 517 daAuts
     D:4: 286 daAuts
